 Dungeon Crawl Stone Soup version 0.27.1 (webtiles) character file.

Game seed: 7378570668740360559

1236 BOMJPIETVODKU the Digger (level 8, -1/58 HPs)
             Began as a Gnoll Earth Elementalist on Aug 25, 2021.
             Slain by a troll (9 damage)
             ... on level 7 of the Dungeon.
             The game lasted 00:15:08 (6303 turns).

BOMJPIETVODKU the Digger (Gnoll Earth Elementalist) Turns: 6303, Time: 00:15:09

Health: -1/58      AC:  7    Str: 11    XL:     8   Next: 49%
Magic:  5/17       EV: 18    Int: 16    God:
Gold:   153        SH:  0    Dex: 14    Spells: 13/19 levels left

rFire    . . .     SeeInvis .   n - +2 spear (venom)
rCold    . . .     Faith    .   (no shield)
rNeg     . . .     Spirit   .   p - +1 leather armour of the Mantidfly {Will+ Str+4}
rPois    .         Reflect  .   m - +1 hat
rElec    .         Harm     .   e - +1 cloak
rCorr    .         Rampage  .   (no gloves)
Will     +....                  (no boots)
Stlth    +++.......             (no amulet)
HPRegen  0.19/turn              k - +4 ring of evasion
MPRegen  0.15/turn              (no ring)

@: very slightly contaminated, invisible
A: fangs 1, strong nose, distributed training
a: no special abilities


You were on level 7 of the Dungeon.
You visited 2 branches of the dungeon, and saw 6 of its levels.

You collected 153 gold pieces.

Inventory:

Hand Weapons
 d - a +0 spear
 g - a +0 dagger
 n - a +2 spear of venom (weapon)
 r - a +4 flail of holy wrath
Missiles
 c - 132 stones
 i - a throwing net
Armour
 b - a +0 robe
 e - a +1 cloak (worn)
 m - a +1 hat (worn)
 p - the +1 leather armour of the Mantidfly (worn) {Will+ Str+4}
   (You found it on level 4 of the Dungeon)

   Str:       It affects your strength (+4).
   Will:      It increases your willpower.
Jewellery
 k - a +4 ring of evasion (left hand)
Wands
 l - a wand of flame (17)
 q - a wand of acid (7)
 s - a wand of iceblast (17)
Scrolls
 f - a scroll of fog
 t - a scroll of identify
Potions
 a - a potion of invisibility
 h - a potion of cancellation
 j - a potion of curing {unknown}
 o - a potion of ambrosia
 u - a potion of attraction {unknown}


   Skills:
 + Level 3.3 Fighting
 + Level 3.3 Short Blades
 + Level 3.3 Long Blades
 + Level 3.3 Axes
 + Level 3.3 Maces & Flails
 + Level 3.3 Polearms
 + Level 3.3 Staves
 + Level 3.3 Slings
 + Level 3.3 Bows
 + Level 3.3 Crossbows
 + Level 3.3 Throwing
 + Level 3.3 Armour
 + Level 5.7 Dodging
 + Level 5.4 Stealth
 + Level 3.3 Shields
 + Level 3.3 Unarmed Combat
 + Level 6.0 Spellcasting
 + Level 2.7 Conjurations
 + Level 2.7 Hexes
 + Level 2.7 Summonings
 + Level 2.7 Necromancy
 + Level 2.7 Translocations
 + Level 3.5 Transmutations
 + Level 2.7 Fire Magic
 + Level 2.7 Ice Magic
 + Level 2.7 Air Magic
 + Level 6.1 Earth Magic
 + Level 2.7 Poison Magic
 + Level 3.6 Invocations
 + Level 3.3 Evocations


You had 13 spell levels left.
You knew the following spells:

 Your Spells              Type           Power      Damage    Failure   Level
a - Sandblast             Erth           48%        2d12      1%          1
b - Passwall              Tmut/Erth      16%        N/A       3%          2
c - Stone Arrow           Conj/Erth      38%        3d9       9%          3

Your spell library contained the following spells:

 Spells                   Type           Power      Damage    Failure   Level
 Frozen Ramparts          Ice            26%        1d4       17%         3
 Petrify                  Tmut/Erth      20%        N/A       24%         4
 Ice Form                 Ice/Tmut       14%        N/A       43%         4
 Summon Ice Beast         Ice/Summ       13%        N/A       50%         4


Dungeon Overview and Level Annotations

Branches:
Dungeon (4/15)             Temple (1/1) D:4

Altars:
Ashenzari
Dithmenos
Elyvilon
Gozag
Hepliaklqana
Kikubaaqudgha
Okawaru
Qazlal
Ru
Trog
Uskayaw
Vehumet
Xom
Yredelemnul
Zin


Innate Abilities, Weirdness & Mutations

You have very sharp teeth.
Your uncanny sense of smell can sniff out nearby items.
Your experience applies equally to all skills.


Message History

Press: ? - help, Q - select action, (/) - cycle Shift-Dir - straight line, f/p - orc warrior
Aim: an orc warrior, wielding a +0 glaive and wearing a +0 plate armour (almost dead, 81% to hit)
The blast of sand hits the orc warrior!
You kill the orc warrior!
You open the door. The troll misses you. The troll claws you.
* * * LOW HITPOINT WARNING * * *
The troll completely misses you.
Your magical contamination has completely faded away.
There is an open door here.
The troll closely misses you. The troll claws you but does no damage.
The troll closely misses you.
You fade into invisibility!
The troll barely misses you. The troll completely misses you. x2
You are very lightly contaminated with residual magic.
Aiming: Sandblast (safe; 1% risk of failure)
Press: ? - help, Q - select action, (/) - cycle Shift-Dir - straight line, f - troll
Aim: a troll (wandering, hasn't noticed you, 81% to hit)
The blast of sand hits the troll but does no damage.
Unknown command.
Aiming: Sandblast (safe; 1% risk of failure)
Press: ? - help, Q - select action, (/) - cycle Shift-Dir - straight line, f/p - troll
Aim: a troll (wandering, hasn't noticed you, 81% to hit)
The blast of sand hits the troll.
The troll is lightly wounded.
Unknown command.
Aiming: Sandblast (safe; 1% risk of failure)
Press: ? - help, Q - select action, (/) - cycle Shift-Dir - straight line, f/p - troll
Aim: a troll (lightly wounded, wandering, hasn't noticed you, 81% to hit)
The blast of sand hits the troll!
The troll is heavily wounded.
The troll shouts!
Aiming: Sandblast (safe; 1% risk of failure)
Press: ? - help, Q - select action, (/) - cycle Shift-Dir - straight line, f/p - troll
Aim: a troll (heavily wounded, wandering, hasn't noticed you, 81% to hit)
The blast of sand hits the troll.
The troll is heavily wounded.
The troll bites you!
* * * LOW HITPOINT WARNING * * *
The troll claws you!
You die...

######### #########........#
โˆ†.................#
#########+#####..#
.#.........#..# .#....#....#..#
##.#..#...#..#..### . #.#
##.##.........#(...# . ..+
#.###...'@#..#..#.'.# . #.#
#.....#.#T........#)# # #.#
.###...#..#...#..#.## # ##.#
#...#.#....#....#..#.# # #..#
#.#.#.#.........#....#
###..#####'#########'#####.##.#
##...##.....####:.##.## โˆ†#..
.# #....##.###....#..#...#โˆ†
#... #
.....##.#.#รท##.###).#..# #.#.#


You could see a troll.

Vanquished Creatures
  A wyvern (D:7)
  Edmund (D:4)
  2 orc warriors (D:7)
  A black bear (D:7)
  A necrophage (D:4)
  A bullfrog (D:7)
  A scorpion (D:3)
  A centaur zombie (D:7)
  A hound (D:4)
  A jelly (D:7)
  Jessica (D:3)
  Terence (D:2)
  A gnoll shaman (D:7)
  10 gnolls
  6 adders
  A worm (D:2)
  5 dart slugs
  An orc (D:3)
  5 endoplasms
  2 giant cockroaches (D:1)
  8 goblins
  6 hobgoblins
  4 quokkas
  5 ball pythons
  8 bats
  2 frilled lizards
  11 kobolds
  8 rats
96 creatures vanquished.

Vanquished Creatures (collateral kills)
  An ice beast (D:7)
  2 bullfrogs (D:7)
  A jelly (D:7)
4 creatures vanquished.

Grand Total: 100 creatures vanquished

Notes
Turn   | Place    | Note
-------+----------+-------------------------------------------
     0 | D:1      | BOMJPIETVODKU the Gnoll Earth Elementalist began the quest
                  | for the Orb.
     0 | D:1      | Reached XP level 1. HP: 13/13 MP: 6/6
   412 | D:1      | Reached XP level 2. HP: 19/19 MP: 5/7
   674 | D:1      | Found a faded altar of an unknown god.
   944 | D:1      | Reached XP level 3. HP: 19/25 MP: 7/9
  1070 | D:1      | Reached skill level 5 in Spellcasting
  1829 | D:2      | Noticed Terence
  1833 | D:2      | Killed Terence
  1834 | D:2      | Reached skill level 1 in Fighting
  1834 | D:2      | Reached skill level 1 in Short Blades
  1834 | D:2      | Reached skill level 1 in Long Blades
  1834 | D:2      | Reached skill level 1 in Axes
  1834 | D:2      | Reached skill level 1 in Maces & Flails
  1834 | D:2      | Reached skill level 1 in Polearms
  1834 | D:2      | Reached skill level 1 in Staves
  1834 | D:2      | Reached skill level 1 in Slings
  1834 | D:2      | Reached skill level 1 in Bows
  1834 | D:2      | Reached skill level 1 in Crossbows
  1834 | D:2      | Reached skill level 1 in Throwing
  1834 | D:2      | Reached skill level 1 in Armour
  1834 | D:2      | Reached skill level 1 in Shields
  1834 | D:2      | Reached skill level 1 in Unarmed Combat
  1834 | D:2      | Reached skill level 1 in Invocations
  1834 | D:2      | Reached skill level 1 in Evocations
  1834 | D:2      | Reached XP level 4. HP: 32/32 MP: 6/11
  2350 | D:2      | Reached skill level 1 in Conjurations
  2350 | D:2      | Reached skill level 1 in Hexes
  2350 | D:2      | Reached skill level 1 in Summonings
  2350 | D:2      | Reached skill level 1 in Necromancy
  2350 | D:2      | Reached skill level 1 in Translocations
  2350 | D:2      | Reached skill level 1 in Fire Magic
  2350 | D:2      | Reached skill level 1 in Ice Magic
  2350 | D:2      | Reached skill level 1 in Air Magic
  2350 | D:2      | Reached skill level 1 in Poison Magic
  2995 | D:3      | Noticed Jessica
  3009 | D:3      | Killed Jessica
  3010 | D:3      | Reached XP level 5. HP: 33/37 MP: 9/12
  3211 | D:3      | Learned a level 2 spell: Passwall
  4167 | D:3      | Reached XP level 6. HP: 26/44 MP: 7/13
  4763 | D:4      | Learned a level 3 spell: Stone Arrow
  5076 | D:4      | Noticed a necrophage
  5085 | D:4      | Killed a necrophage
  5086 | D:4      | Reached skill level 5 in Dodging
  5088 | D:4      | Found a staircase to the Ecumenical Temple.
  5092 | D:4      | Identified the +1 leather armour of the Mantidfly {Will+
                  | Str+4}
  5103 | Temple   | Entered the Ecumenical Temple
  5431 | D:4      | Reached XP level 7. HP: 41/50 MP: 6/15
  5500 | D:4      | Noticed Edmund
  5521 | D:4      | Killed Edmund
  5734 | D:4      | You fall into a shaft and drop 3 floors!
  5760 | D:7      | Reached skill level 5 in Stealth
  5935 | D:7      | Noticed a wyvern
  5942 | D:7      | Reached XP level 8. HP: 55/57 MP: 16/16
  5949 | D:7      | Killed a wyvern
  6276 | D:7      | Noticed a troll
  6303 | D:7      | Slain by a troll

Illustrated notes

Levels and vault maps discovered:
D:1:      nicolae_arrival_washed_ashore, layout_loops_ring,
          hellmonk_ecumenical_altar_crossroads
D:2:      layout_basic, uniq_terence
D:3:      minmay_general_purpose_star, layout_loops_corners, uniq_jessica
D:4:      layout_loops_ring, minmay_temple_entry_nine_rooms, serial_shops,
          nicolae_shop_waterfront, nrook_uturn, chequers_serial_rivers_micro_b,
          amcnicky_mini_rare_corridor_liquid, uniq_edmund
D:7:      layout_loops_corners, gammafunk_ghost_icy, minmay_the_grid_2x2
          [minmay_the_grid_pillar_ring, minmay_the_grid_mess,
          minmay_the_grid_small_cups,
          minmay_the_grid_prize_four_corners_diamond_a]
Temple:   regret_index_temple_generic_petals

Skill      XL: |  1  2  3  4  5  6  7  8 |
---------------+-------------------------+-----
Transmutations | 2 3 |  3.5
Spellcasting   | 5 6 |  6.0
Fighting       | 1 2 3 |  3.3
Short Blades   | 1 2 3 |  3.3
Long Blades    | 1 2 3 |  3.3
Axes           | 1 2 3 |  3.3
Maces & Flails | 1 2 3 |  3.3
Polearms       | 1 2 3 |  3.3
Staves         | 1 2 3 |  3.3
Slings         | 1 2 3 |  3.3
Bows           | 1 2 3 |  3.3
Crossbows      | 1 2 3 |  3.3
Throwing       | 1 2 3 |  3.3
Armour         | 1 2 3 |  3.3
Shields        | 1 2 3 |  3.3
Unarmed Combat | 1 2 3 |  3.3
Invocations    | 1 2 3 |  3.6
Evocations     | 1 2 3 |  3.3
Conjurations   | 1 2 |  2.7
Hexes          | 1 2 |  2.7
Summonings     | 1 2 |  2.7
Necromancy     | 1 2 |  2.7
Translocations | 1 2 |  2.7
Fire Magic     | 1 2 |  2.7
Ice Magic      | 1 2 |  2.7
Air Magic      | 1 2 |  2.7
Poison Magic   | 1 2 |  2.7
Dodging        | 5 |  5.7
Stealth        | 5 |  5.4
Earth Magic    | 6 |  6.1

Action                   |  1- 3 |  4- 6 |  7- 9 || total
-------------------------+-------+-------+-------++-------
Melee: Spear             |   103 |   124 |    30 ||   257
       Bite              |     8 |    11 |     4 ||    23
 Cast: Sandblast         |    15 |    55 |    35 ||   105
       Passwall          |       |     2 |       ||     2
       Stone Arrow       |       |       |     4 ||     4
  Use: Scroll            |       |     6 |     4 ||    10
       Potion            |       |       |     1 ||     1
 Stab: Sleeping          |     9 |     6 |     1 ||    16
Armor: Robe              |    26 |    22 |       ||    48
       Leather armour    |       |     2 |    13 ||    15
Dodge: Dodged            |    72 |   116 |    63 ||   251
